 Dungeon Crawl Stone Soup version 0.26.1-11-gd32895ea62 (webtiles) character file.

Game seed: 4024894925543599951

300 Zeld the Twirler (level 6, -6/39 HPs)
             Began as an Octopode Gladiator on May 22, 2021.
             Mangled by an iguana (13 damage)
             ... on level 4 of the Dungeon.
             The game lasted 00:03:47 (4417 turns).

Zeld the Twirler (Octopode Gladiator)               Turns: 4417, Time: 00:03:48

Health: -6/39      AC:  3    Str: 15    XL:     6   Next: 36%
Magic:  6/6        EV: 14    Int: 10    God:
Gold:   113        SH:  0    Dex: 14    Spells: 5/5 levels left

rFire    . . .     SeeInvis .   a - +0 quarterstaff
rCold    . . .     Faith    .   (shield currently unavailable)
rNeg     . . .     Spirit   .   b - +2 hat
rPois    .         Reflect  .   (no amulet)
rElec    .         Harm     .   (no ring)
rCorr    .         Rampage  .   (no ring)
Will     .....                  (no ring)
Stlth    ++........             (no ring)
HPRegen  0.13/turn              (no ring)
MPRegen  0.10/turn              (no ring)
                                (no ring)
                                (no ring)

@: no status effects
A: almost no armour, stealthy swim, amphibious, 8 rings, constrict 8, camouflage
1, gelatinous body 1
a: no special abilities


You were on level 4 of the Dungeon.
You visited 1 branch of the dungeon, and saw 4 of its levels.

You collected 113 gold pieces.

Inventory:

Hand Weapons
 a - a +0 quarterstaff (weapon)
Missiles
 c - 3 throwing nets
 p - 10 poisoned darts (quivered)
Armour
 b - a +2 hat (worn)
Wands
 u - a wand of enslavement (8)
Scrolls
 e - a scroll of amnesia
 h - 2 scrolls of remove curse
 i - a scroll of magic mapping
 o - a scroll of enchant armour
 r - a scroll of fog {unknown}
 t - 2 scrolls of teleportation
Potions
 d - a potion of curing {unknown}
 f - a potion of cancellation {unknown}
 g - a potion of mutation {unknown}
 j - a potion of attraction {unknown}
 k - a potion of lignification {unknown}
 l - 2 potions of berserk rage {unknown}
 m - a potion of degeneration {unknown}
 n - a potion of brilliance {unknown}
 q - a potion of flight {unknown}
 s - a potion of haste {unknown}


   Skills:
 - Level 2.0 Fighting
 * Level 7.0 Staves
 - Level 2.0 Throwing
 - Level 3.0 Dodging


You had 5 spell levels left.
You didn't know any spells.
Your spell library was empty.

Dungeon Overview and Level Annotations

Branches:
Dungeon (4/15)
 Temple: D:4-7

Altars:
Xom


Innate Abilities, Weirdness & Mutations

You cannot wear most types of armour.
You are very stealthy in the water. (Stealth+)
You are amphibious.
You can wear up to eight rings at the same time.
You can use your tentacles to constrict eight enemies at once.
Your skin changes colour to match your surroundings (Stealth+).
Your rubbery body absorbs attacks. (AC +1, EV +1)


Message History

You kill Blork the orc!
Your life force feels restored.
Your Staves skill increases to level 7!
A quokka comes into view.
A hound skeleton comes into view.
The gnoll misses you. The iguana bites you. The iguana misses you.
The gnoll barely misses you. The gnoll closely misses you.
The gnoll misses you. The iguana bites you!
You closely miss the quokka. You grab the quokka.
You squeeze the quokka, but do no damage.
You constrict the quokka. The gnoll hits you with a +0 whip!
The gnoll barely misses you. The iguana closely misses you.
The gnoll misses you. The quokka bites you.
You hit the quokka.
The quokka is almost dead.
You constrict the quokka.
You kill the quokka!
The gnoll hits you with a +0 whip!
* * * LOW HITPOINT WARNING * * *
The iguana bites you!
You die...

## ######.#
#).....#
#......#
#.....##
#.lg..#
#@....#
#.gg..#
..gZ..#
....)..#
.....#...#
#.....#...#
#.........#
####..# #.#


You could see an iguana, 4 gnolls and a hound skeleton.

Vanquished Creatures
  Blork the orc (D:4)
  An orc priest (D:3)
  2 orc wizards (D:3)
  Jessica (D:2)
  4 adders (D:2)
  3 worms
  A dart slug (D:1)
  A leopard gecko (D:2)
  8 orcs (D:3)
  9 bats
  4 giant cockroaches
  8 hobgoblins
  2 jackals (D:2)
  6 kobolds
  A quokka (D:4)
  A ball python (D:2)
  2 frilled lizards
  7 goblins
  8 rats
70 creatures vanquished.

Vanquished Creatures (others)
  9 plants (D:3)
9 creatures vanquished.

Grand Total: 79 creatures vanquished

Notes
Turn   | Place    | Note
-------+----------+-------------------------------------------
     0 | D:1      | Zeld the Octopode Gladiator began the quest for the Orb.
     0 | D:1      | Reached XP level 1. HP: 14/14 MP: 1/1
   373 | D:1      | Reached XP level 2. HP: 19/19 MP: 2/2
   923 | D:2      | Reached skill level 4 in Staves
   923 | D:2      | Reached XP level 3. HP: 8/24 MP: 3/3
  1407 | D:2      | Reached XP level 4. HP: 27/29 MP: 4/4
  1588 | D:2      | Reached skill level 5 in Staves
  1892 | D:2      | Noticed Jessica
  1898 | D:2      | Killed Jessica
  2308 | D:3      | Reached XP level 5. HP: 34/34 MP: 5/5
  2837 | D:3      | Reached skill level 6 in Staves
  3529 | D:3      | Reached XP level 6. HP: 36/39 MP: 6/6
  3840 | D:3      | Found a shimmering altar of Xom.
  4405 | D:4      | Noticed Blork the orc
  4412 | D:4      | Killed Blork the orc
  4413 | D:4      | Reached skill level 7 in Staves
  4417 | D:4      | Mangled by an iguana

Illustrated notes

Levels and vault maps discovered:
D:1:      dpeg_arrival_arbitrary_c, layout_loops_ring, minmay_octomino_j4
D:2:      kb_forest_paths, layout_rooms, uniq_jessica
D:3:      layout_basic, serial_bayou, serial_bayou_pond_e, serial_bayou_pond_e,
          serial_bayou_shore_a, serial_bayou_ford_a, serial_bayou_crossing,
          serial_bayou_lake_a, roderic_lattice_a, tgw_xom
D:4:      layout_basic, trog_book, uniq_blork_the_orc

Skill      XL: |  1  2  3  4  5  6 |
---------------+-------------------+-----
Staves         | 4 5 6 7 |  7.0
Fighting       | |  2.0
Throwing       | |  2.0
Dodging        | |  3.0

Action                   |  1- 3 |  4- 6 || total
-------------------------+-------+-------++-------
Melee: Quarterstaff      |    57 |    96 ||   153
       Constrict         |    15 |    34 ||    49
       Tentacles         |     3 |    16 ||    19
  Use: Scroll            |     1 |     7 ||     8
 Stab: Sleeping          |     6 |     5 ||    11
       Distracted        |     1 |       ||     1
Armor: Skin              |     9 |     7 ||    16
Dodge: Dodged            |    46 |    62 ||   108
